AoeStats
← Eugenius

Arena

508983003Analyzed
2v2 RM · 8d ago on Sep 24, 2026· 36m 22s· 4 players
Game mode
Random Map
Map size
Medium (4 player)
Population
200
Speed
Normal
Resources
Standard
Victory
Conquest
Starting age
Dark Age
Ending age
Imperial Age
RankedLock teamsTeams togetherTeam positionsShared explorationLock speedFull tech treeHidden civsTurbo modeCheats
Victory
Defeat
🇷🇺 Magyars · Russia
1892
+3
🇧🇷 Turks · Brazil
1688
+7
🇧🇷 Varangians · Brazil
1534
-6
🇧🇷 Cumans · Brazil
1467
-4
wEEBER
10:26 Feudal Age
10:14 Loom
12:44 Double-Bit Axe
12:51 Gold Mining
12:53 Man-at-Arms
21:32 Wheelbarrow
25:43 Castle Age
23:37 Horse Collar
25:07 Padded Archer Armor
26:51 Bow Saw
27:21 Gold Shaft Mining
30:25 Imperial Age
30:01 Leather Archer Armor
33:08 Ring Archer Armor
35:38 Two-Man Saw
Eugenius
11:09 Feudal Age
14:51 Castle Age
12:46 Double-Bit Axe
12:59 Horse Collar
15:12 Scale Barding Armor
18:55 Bow Saw
19:55 Bloodlines
21:57 Wheelbarrow
26:11 Heavy Plow
27:30 Hand Cart
28:06 Loom
29:09 Gold Mining
28:57 Pikeman
29:59 Husbandry
30:20 Chain Barding Armor
32:39 Imperial Age
31:25 Fletching
31:53 Padded Archer Armor
32:23 Husbandry
32:21 Bodkin Arrow
32:36 Thumb Ring
33:32 Leather Archer Armor
33:27 Bracer
34:28 Chemistry
33:52 Conscription
34:05 Parthian Tactics
33:48 Heavy Cavalry Archer
34:58 Ballistics
34:53 Town Watch
35:26 Leather Archer Armor
36:12 Two-Man Saw
35:34 Chain Barding Armor
35:16 Corvinian Army
35:19 Recurve Bow
35:58 Corvinian Army
Fs.ShaDoWn
9:15 Feudal Age
9:47 Double-Bit Axe
10:05 Horse Collar
11:52 Bloodlines
16:30 Scale Barding Armor
17:26 Forging
21:32 Castle Age
21:02 Loom
21:53 Wheelbarrow
22:40 Bow Saw
23:53 Heavy Plow
29:33 Imperial Age
27:25 Hand Cart
27:58 Husbandry
29:10 Chain Barding Armor
31:21 Plate Barding Armor
30:33 Town Watch
31:30 Cavalier
Zelda Ocarina of TIme
8:32 Feudal Age
18:34 Loom
21:22 Double-Bit Axe
21:26 Horse Collar
27:31 Castle Age
30:49 Wheelbarrow
32:03 Town Watch
Connection lost

Rejoining the realm…

Still unreachable

The connection could not be restored.

Session expired

The server has moved on; the page needs a fresh start.